 Dungeon Crawl Stone Soup version 0.23-a0-408-g9d4b7ed (webtiles) character file.

105 galech the Skirmisher (level 4, 0/35 HPs)
             Began as a Demonspawn Fighter on Nov 8, 2018.
             Slain by an adder (1 damage)
             ... on level 3 of the Dungeon.
             The game lasted 00:02:18 (2147 turns).

galech the Skirmisher (Demonspawn Fighter)          Turns: 2147, Time: 00:02:18

Health: 0/35       AC: 13    Str: 21    XL:     4   Next: 54%
Magic:  4/4        EV:  3    Int: 10    God:
Gold:   147        SH:  9    Dex: 13    Spells: 3/3 levels left

rFire    . . .     SeeInvis .   a - +0 war axe
rCold    + . .     Gourm    .   c - +0 shield
rNeg     . . .     Faith    .   l - +0 plate armour
rPois    .         Spirit   .   (no helmet)
rElec    .         Reflect  .   (no cloak)
rCorr    .         Harm     .   (no gloves)
MR       .....                  (no boots)
Stlth    ..........             (no amulet)
HPRegen  0.11/turn              i - ring of protection from cold
MPRegen  0.09/turn              k - ring of attention (curse)

@: mighty
A: slimy green scales 1, powered by pain 1
a: no special abilities


You were on level 3 of the Dungeon.
You were very hungry.

You visited 1 branch of the dungeon, and saw 3 of its levels.

You collected 147 gold pieces.

Inventory:

Hand Weapons
 a - a +0 war axe (weapon)
Armour
 c - a +0 shield (worn)
 l - a +0 plate armour (worn)
Jewellery
 i - a ring of protection from cold (left hand)
 k - a cursed ring of attention (right hand)
Wands
 m - a wand of iceblast (8)
Scrolls
 e - a scroll of immolation {unknown}
 g - 2 scrolls of remove curse {unknown}
 h - 2 scrolls of amnesia {unknown}
 j - a scroll of blinking {unknown}
Potions
 b - a potion of heal wounds {unknown}
 d - 2 potions of might
Comestibles
 f - 3 rations


   Skills:
 + Level 3.5 Fighting
 + Level 2.9 Axes
 + Level 3.3 Armour
 + Level 0.2 Dodging
 + Level 3.2 Shields


You had 3 spell levels left.
You didn't know any spells.
Your spell library was empty.

Dungeon Overview and Level Annotations

Branches:
Dungeon (3/15)

Altars:
Ashenzari
Kikubaaqudgha
Ru


Innate Abilities, Weirdness & Mutations

You are partially covered in slimy green scales. (AC +2)
You sometimes gain a little power by taking damage.


Message History

You kill Natasha!
Natasha yowls pathetically as she dies!
The crimson imp disappears in a puff of smoke!
You hit the adder. The adder bites you but does no damage.
You block the adder's attack. You block the adder's attack. x2
You see here the felid corpse of Natasha.
You barely miss the adder.
The adder is moderately wounded.
You feel yourself speed up. The adder bites you.
* * * LOW HITPOINT WARNING * * *
You block the adder's attack. The adder bites you but does no damage.
You miss the adder.
The adder is moderately wounded.
The adder bites you but does no damage. You block the adder's attack.
You closely miss the adder.
The adder is moderately wounded.
You block the adder's attack. The adder bites you.
You die...

#.......# .## #####.<.#
.. ##### # #.# # ## #.
.. .# #>..# ###.##.##.
#...# ......... #...#
........# #...# ##
#S@#######...#####.
##.##..##..............
#?...$.................
#..##.#.#..............
... #.#.######...#####[
## ..#.# #...# #.
#.##.# #...# ## #. #.#
#...# ## .. .(# #...#
#.


You could see an adder.

Vanquished Creatures
  Natasha (D:3)
  A gnoll (D:1)
  2 adders (D:2)
  An ooze (D:2)
  2 worms
  2 leopard geckos
  9 bats
  A giant cockroach (D:1)
  3 goblins
  4 hobgoblins (D:1)
  2 jackals (D:2)
  5 kobolds
  A ball python (D:1)
  4 frilled lizards
  7 rats
45 creatures vanquished.

Vanquished Creatures (others)
  A human (D:3)
1 creature vanquished.

Grand Total: 46 creatures vanquished

Notes
Turn   | Place    | Note
-------+----------+-------------------------------------------
     0 | D:1      | galech the Demonspawn Fighter began the quest for the Orb.
     0 | D:1      | Reached XP level 1. HP: 18/18 MP: 1/1
    65 | D:1      | Found a shattered altar of Ashenzari.
    92 | D:1      | Gained mutation: You sometimes gain a little power by
                  | taking damage. [demonic ancestry]
    92 | D:1      | Reached XP level 2. HP: 16/24 MP: 2/2
   422 | D:1      | Gained mutation: You are partially covered in slimy green
                  | scales. (AC +2) [demonic ancestry]
   422 | D:1      | Reached XP level 3. HP: 29/29 MP: 3/3
  1231 | D:2      | Found a sacrificial altar of Ru.
  1279 | D:2      | Reached XP level 4. HP: 15/35 MP: 4/4
  2035 | D:3      | Found an ancient bone altar of Kikubaaqudgha.
  2036 | D:3      | Noticed a human
  2041 | D:3      | Killed a human
  2128 | D:3      | Noticed Natasha
  2143 | D:3      | Killed Natasha
  2145 | D:3      | HP: 1/35 [adder (2)]
  2147 | D:3      | Slain by an adder

Vault maps used:
D:1:      onia_arrival_mini_maze_b, evilmike_ruin_ashenzari
D:2:      columned_hall_lemuel, palyth_stone_intersect,
          minmay_misc_feat_diagonals, kennysheep_cluttered_room,
          hangedman_ru_absence
D:3:      tgw_kikubaaqudgha, uniq_natasha

Skill      XL: |  1  2 |
---------------+-------+-----
Axes           | 2 |  2.9
Armour         | 3 |  3.3
Shields        | 3 |  3.2
Fighting       | |  3.5
Dodging        | |  0.2

Action                   |  1- 3 |  4- 6 || total
-------------------------+-------+-------++-------
Melee: War axe           |   114 |    70 ||   184
  Eat: Chunk             |     1 |     2 ||     3
Armor: Scale mail        |    28 |       ||    28
       Chain mail        |    22 |       ||    22
       Plate armour      |     9 |    46 ||    55
Dodge: Dodged            |    30 |     2 ||    32
Block: Shield            |    88 |    45 ||   133

Table legend:
 A = Non-vault XP
 B = Vault XP
 C = Vault XP percentage of total XP
 D = Non-vault monster count
 E = Vault monster count
 F = Vault count percentage of total count
                 A         B        C        D         E       F
            +---------+---------+-------+---------+---------+-------
      Total |     116 |      35 |  23.2 |      44 |       1 |   2.2
            +---------+---------+-------+---------+---------+-------
        D:1 |      45 |       0 |   0.0 |      20 |       0 |   0.0
        D:2 |      59 |       0 |   0.0 |      18 |       0 |   0.0
        D:3 |      12 |      35 |  74.5 |       6 |       1 |  14.3
            +---------+---------+-------+---------+---------+-------
